 Dungeon Crawl Stone Soup version 0.28-a0-425-gd0eccab798 (webtiles) character file.

Game seed: 5557819014076996648

55 zazu2006 the Magician (level 3, -7/28 HPs)
             Began as a Naga Hedge Wizard on Sept 9, 2021.
             Mangled by an iguana (8 damage)
             ... on level 3 of the Dungeon.
             The game lasted 00:03:28 (2097 turns).

zazu2006 the Magician (Naga Hedge Wizard)           Turns: 2097, Time: 00:03:29

Health: -7/28      AC:  2    Str: 12    XL:     3   Next: 93%
Magic:  1/8        EV: 10    Int: 15    God:
Gold:   70         SH:  0    Dex: 10    Spells: 0/9 levels left

rFire   . . .      SeeInvis +   e - +2 dagger (vamp)
rCold   . . .      Faith    .   (no shield)
rNeg    . . .      Spirit   .   b - +0 robe
rPois   +          Reflect  .   c - +0 hat
rElec   .          Harm     .   (no cloak)
rCorr   .          Rampage  .   (no gloves)
Will    .....                   (no barding)
Stlth   ++........              (no amulet)
HPRegen 0.09/turn               (no ring)
MPRegen 0.11/turn               (no ring)

@: brilliant, short of breath, very slightly contaminated, very slow
A: AC +1, large, see invisible, deformed body, poison resistance, slowness 2,
spit poison 1, naga tail 1
a: Spit Poison


You were on level 3 of the Dungeon.
You visited 1 branch of the dungeon, and saw 3 of its levels.

You collected 70 gold pieces.

Inventory:

Hand Weapons
 e - a +2 vampiric dagger (weapon)
Armour
 b - a +0 robe (worn)
 c - a +0 hat (worn)
Jewellery
 i - an amulet of reflection
Scrolls
 a - a scroll of summoning {unknown}
 d - a scroll of immolation {unknown}
 f - a scroll of teleportation {unknown}
 g - a scroll of blinking {unknown}
 h - a scroll of identify {unknown}
 j - a scroll of noise {unknown}
Potions
 k - a potion of curing {unknown}
 l - 2 potions of brilliance


   Skills:
 + Level 0.2 Fighting
 + Level 1.9 Dodging
 + Level 3.3 Stealth
 + Level 3.9 Spellcasting
 + Level 1.3 Conjurations
 + Level 1.0 Summonings
 + Level 1.0 Translocations
 * Level 0.8 Poison Magic


You couldn't memorise any spells.
You knew the following spells:

 Your Spells              Type           Power      Damage    Failure   Level
a - Magic Dart            Conj           40%        1d5       11%         1
b - Mephitic Cloud        Conj/Pois/Air  7%         N/A       38%         3
c - Conjure Flame         Conj/Fire      7%         6-21      38%         3
d - Blink                 Tloc           N/A        N/A       19%         2

Your spell library contained the following spells:

 Spells                   Type           Power      Damage    Failure   Level
 Call Imp                 Summ           9%         N/A       19%         2
 Slow                     Hex            4%         N/A       28%         2
 Ignite Poison            Fire/Tmut/Pois 5%         N/A       43%         3
 Sticky Flame             Conj/Fire      7%         2d3       80%         4


Dungeon Overview and Level Annotations

Branches:
Dungeon (3/15)

Altars:
Makhleb


Innate Abilities, Weirdness & Mutations

Your serpentine skin is tough. (AC +1)
You have supernaturally acute eyesight. (SInv)
Armour fits poorly on your strangely shaped body.
Your system is resistant to poisons. (rPois)
You cover ground very slowly.
You can spit poison.
You have a snake-like lower body.


Message History

You are very lightly contaminated with residual magic.
Nothing appears to happen.
Unknown command.
Unknown command.
Casting: Mephitic Cloud (extremely dangerous; 38% risk of failure)
Confirm with . or Enter, or press ? or * to list all spells.
The spell is extremely dangerous to cast (38% risk of failure)!
Continue anyway?
Aiming: Mephitic Cloud (extremely dangerous; 38% risk of failure)
Press: ? - help, Shift-Dir - straight line, f/p - iguana
Aim: an iguana (chance to affect: 86%)
You miscast Mephitic Cloud.
Sparks fly from your hands. The iguana bites you.
Unknown command.
Unknown command.
Press: ? - help, Shift-Dir - straight line, f/p - iguana
Aim: an iguana The splash of poison hits the iguana.
The iguana is poisoned.
The iguana is moderately wounded.
The iguana closely misses you.
Unknown command.
You completely miss the iguana.
The iguana is moderately wounded.
The iguana closely misses you.
You barely miss the iguana.
The iguana is heavily wounded.
The iguana barely misses you.
Unknown command.
You hit the iguana but do no damage.
The iguana is severely wounded.
The iguana looks more healthy.
The iguana bites you!
You have got your breath back.
The iguana completely misses you.
Press: ? - help, Shift-Dir - straight line, f/p - iguana
Aim: an iguana (severely wounded)
The splash of poison misses the iguana.
The iguana bites you!
* * * LOW HITPOINT WARNING * * *
Unknown command.
It was a potion of brilliance.
You feel clever all of a sudden. The iguana bites you!
You die...

#.... ##..#.####
......>..
#......# #......
#$....##### ..
#......@..####
...#.....l......#
..........##.##.#
........>.##.##.#
..#..†..........#
..........#<....#
..#..##.#......##
........#.##.#.#
P.#..###### .#.#


You could see an iguana.

Vanquished Creatures
  An adder (D:2)
  A dart slug (D:1)
  6 bats
  7 endoplasms
  4 goblins
  3 hobgoblins
  A quokka (D:1)
  10 ball pythons
  4 frilled lizards
  2 kobolds
  2 rats
41 creatures vanquished.

Notes
Turn   | Place    | Note
-------+----------+-------------------------------------------
     0 | D:1      | zazu2006 the Naga Hedge Wizard began the quest for the Orb.
     0 | D:1      | Reached XP level 1. HP: 15/15 MP: 4/4
    72 | D:1      | Found a faded altar of an unknown god.
   402 | D:1      | Reached XP level 2. HP: 22/22 MP: 0/6
  1061 | D:1      | Reached XP level 3. HP: 28/28 MP: 2/8
  1075 | D:1      | Learned a level 3 spell: Mephitic Cloud
  1079 | D:1      | Learned a level 3 spell: Conjure Flame
  1082 | D:1      | Learned a level 2 spell: Blink
  1677 | D:2      | Found a burning altar of Makhleb.
  2096 | D:3      | HP: 1/28 [iguana (13)]
  2097 | D:3      | Mangled by an iguana

Illustrated notes

Levels and vault maps discovered:
D:1:      lightli_iron_boxes, layout_loops_ring,
          shapermc_ecumenical_altar_totnotflames, corner_web_ring,
          minmay_shallow_snake_nest
D:2:      layout_basic, basic_altar, hex_intersection
D:3:      minmay_door_path, layout_basic, nicolae_hepliaklqana_hazy_memory,
          cheibrodos_sewer_entry_drain, uniq_grinder

Action                   || total
-------------------------++-------
Melee: Dagger            ||    36
 Cast: Magic Dart        ||    70
 Abil: Spit Poison       ||     6
  Use: Potion            ||     1
 Stab: Sleeping          ||     2
Armor: Robe              ||    12
Dodge: Dodged            ||    23

Table legend: (Time is in decaauts)
 A = Elapsed time spent in this place.
 B = Non-inter-level travel time spent in this place.
 C = Inter-level travel time spent in this place.
 D = Time resting spent in this place.
 E = Time spent auto-exploring this place.
 F = Levels seen in this place.
 G = Mean time per level.
                   A        B        C        D        E       F      G
               +--------+--------+--------+--------+--------+-----+--------+
         Total |   2555 |   2483 |     72 |     17 |   2153 |   3 |  851.7 |
       Dungeon |   2555 |   2483 |     72 |     17 |   2153 |   3 |  851.7 |
               +--------+--------+--------+--------+--------+-----+--------+

Top non-repeatable levels by time:
     D:1: 1488 daAuts
     D:2: 1019 daAuts
     D:3: 47 daAuts
